Map: Defender's Landing LE

Players

Snute - Winner!

  • Race: Zerg Zerg
  • Spawn Location: 1:00

Awers (Hades)

  • Race: Terran Terran
  • Spawn Location: 7:00

Event: WCS Jonkoping 2017

VOD

Have the link to the VOD?

Description

Time

  • Played on: June 17, 2017, 11:40 a.m.
  • Length: 9:15

All games in this series

Show
View Real Time Build Order
Export as new Build Order

Snute Zerg - Winner!

Build Orders: Pool First, Swarm Host 

Get SALT Encoding   

  12  0:00  Drone  
  13  0:12  Overlord  
  13  0:17  Drone  
  14  0:30  Drone  
  14  0:31  Drone  
  14  0:34  Drone  
  17  0:44  Spawning Pool  
  17  0:48  Drone  
  17  1:09  Hatchery  
  17  1:11  Drone  
  17  1:15  Drone  
  17  1:16  Extractor  
  17  1:19  Drone  
  18  1:31  Queen  
  20  1:33  Zergling x2  
  20  1:39  Overlord  
  21  1:49  Drone  
  22  2:00  Drone  
  23  2:06  Queen  
  25  2:12  Drone  
  26  2:18  Metabolic Boost  
  26  2:21  Queen, Drone  
  29  2:24  Drone  
  30  2:31  Drone  
  30  2:32  Drone  
  32  2:37  Overlord  
  32  2:39  Drone  
  32  2:41  Drone  
  35  2:44  Drone  
  35  2:46  Drone  
  36  2:52  Overlord  
  36  2:56  Drone  
  37  3:03  Zergling x2  
  38  3:06  Drone  
  39  3:17  Drone x6  
  39  3:19  Drone  
  46  3:25  Hatchery  
  45  3:28  Zergling x2  
  45  3:31  Queen  
  48  3:36  Drone x2  
  48  3:39  Drone  
  51  3:41  Overlord  
  51  3:50  Overlord  
  51  3:51  Drone  
  52  3:57  Roach Warren  
  52  3:59  Drone  
  52  4:01  Extractor  
  52  4:02  Drone x2  
  53  4:03  Drone  
  53  4:05  Drone x2  
  55  4:10  Queen x2  
  55  4:12  Overlord  
  55  4:15  Overlord  
  59  4:21  Overlord  
  59  4:31  Overlord  
  59  4:37  Roach x4  
  59  4:38  Roach x2  
  71  4:44  Spore Crawler  
  70  4:45  Spore Crawler  
  70  4:48  Roach  
  70  4:49  Roach x3  
  77  4:55  Roach  
  77  4:59  Roach x2  
  83  5:02  Overlord  
  83  5:04  Spore Crawler  
  82  5:10  Roach x2  
  82  5:14  Overlord  
  85  5:15  Drone x2  
  85  5:16  Drone x2  
  85  5:18  Drone  
  85  5:20  Drone x2  
  93  5:21  Extractor, Drone  
  93  5:24  Evolution Chamber  
  93  5:25  Drone  
  93  5:31  Drone x2  
  93  5:32  Lair  
  95  5:38  Drone x2  
  95  5:39  Extractor  
  95  5:40  Extractor  
  95  5:41  Drone x3  
  98  5:49  Evolution Chamber  
  97  5:51  Ravager  
  97  5:52  Ravager  
  99  5:58  Roach x2  
  104  6:04  Drone x9  
  112  6:11  Zerg Ground Armor Level 1  
  112  6:20  Extractor  
  112  6:24  Zerg Missile Weapons Level 1  
  111  6:26  Drone x2  
  111  6:27  Hatchery, Drone  
  111  6:29  Drone, Overlord x2  
  111  6:31  Glial Reconstitution  
  114  6:36  Infestation Pit  
  113  6:45  Overlord  
  113  6:50  Roach x5  
  113  6:51  Roach x3  
  128  7:03  Ravager  
  128  7:04  Ravager x2  
  131  7:13  Swarm Host x2  
  137  7:20  Extractor  
  137  7:22  Overlord x4  
  136  7:23  Extractor  
  136  7:24  Swarm Host  
  138  7:48  Swarm Host  
  138  7:49  Swarm Host x5  
  156  7:55  Swarm Host  
  156  7:56  Swarm Host  
  156  7:57  Overlord x3  
  162  7:58  Overlord  
  158  8:06  Drone x5  
  158  8:07  Drone  
  160  8:15  Swarm Host x4  
  160  8:19  Drone x3  
  171  8:20  Drone  
  171  8:23  Drone x6  
  171  8:24  Drone  
  177  8:29  Swarm Host x3  
  186  8:38  Swarm Host  
  186  8:39  Swarm Host  
Show
View Real Time Build Order
Export as new Build Order

Awers Terran 

Build Orders: Reaper Expand, Mech 

Get SALT Encoding   

  12  0:00  SCV  
  13  0:13  SCV  
  14  0:17  Supply Depot  
  14  0:25  SCV  
  14  0:28  Refinery  
  15  0:39  SCV  
  16  0:45  Barracks  
  16  0:53  SCV  
  17  1:05  SCV  
  18  1:17  SCV  
  19  1:32  Orbital Command, Reaper  
  20  1:46  Command Center  
  20  1:57  Factory  
  21  2:01  SCV  
  21  2:09  Barracks Reactor, Refinery  
  21  2:13  SCV  
  22  2:20  Supply Depot  
  22  2:26  SCV  
  23  2:41  SCV  
  23  2:43  Armory  
  24  2:49  Hellion x2  
  28  2:54  SCV  
  29  3:01  Orbital Command  
  29  3:06  SCV  
  32  3:13  Hellion  
  32  3:14  Hellion  
  32  3:19  SCV  
  35  3:27  SCV  
  35  3:28  Supply Depot  
  35  3:31  SCV  
  37  3:37  Cyclone  
  41  3:43  SCV  
  41  3:45  Cyclone  
  41  3:46  SCV  
  45  3:51  Supply Depot  
  45  3:55  SCV  
  46  3:59  SCV  
  47  4:07  SCV  
  48  4:10  Cyclone  
  48  4:11  SCV  
  48  4:14  Supply Depot  
  52  4:18  Cyclone  
  52  4:19  SCV  
  52  4:23  Terran Vehicle Weapons Level 1  
  52  4:24  SCV  
  57  4:31  SCV  
  57  4:36  SCV  
  59  4:40  Command Center  
  59  4:44  SCV, Cyclone  
  63  4:48  SCV  
  63  4:50  Cyclone  
  63  4:52  Supply Depot  
  67  4:57  SCV  
  68  5:00  SCV  
  68  5:02  Refinery  
  68  5:03  Refinery  
  69  5:09  SCV  
  69  5:14  SCV, Supply Depot  
  71  5:19  Hellion  
  71  5:21  Factory, SCV  
  74  5:22  Hellion  
  74  5:26  SCV  
  77  5:32  Factory  
  77  5:33  SCV  
  78  5:38  SCV  
  79  5:45  Factory, SCV  
  79  5:47  Hellion  
  82  5:52  SCV, Orbital Command  
  83  6:00  Hellion, SCV  
  86  6:05  SCV  
  86  6:10  Factory Tech Lab  
  87  6:14  Orbital Command  
  87  6:16  Factory Tech Lab  
  87  6:17  SCV  
  87  6:18  SCV  
  89  6:24  Hellion x2  
  89  6:26  Refinery  
  89  6:28  Hellion x2  
  89  6:29  Siege Tank, Refinery, SCV, Factory Tech Lab  
  97  6:35  Siege Tank  
  97  6:37  SCV, Supply Depot  
  101  6:41  Supply Depot  
  101  6:42  Infernal Pre-Igniter  
  101  6:44  SCV  
  101  6:46  SCV  
  103  6:52  Thor  
  109  6:59  SCV  
  110  7:03  SCV  
  110  7:04  SCV  
  112  7:11  SCV  
  112  7:13  Thor  
  112  7:15  SCV  
  120  7:17  Factory  
  120  7:19  SCV, Supply Depot  
  121  7:23  SCV  
  122  7:34  SCV  
  123  7:41  Siege Tank, Thor  
  123  7:42  SCV  
  133  7:45  Supply Depot  
  133  7:46  Supply Depot x2  
  133  7:49  Barracks  
  133  7:52  Engineering Bay  
  133  7:58  Thor  
  139  7:59  Hellion  
  141  8:07  Hellion  
  141  8:09  Hellion  
  145  8:13  Siege Tank  
  148  8:25  Hellion  
  148  8:26  Hellion  
  144  8:29  Hellion  
  144  8:32  Factory Reactor  
  144  8:33  Starport  
  146  8:37  Command Center  
  146  8:41  Siege Tank  
  149  8:42  Supply Depot x2  
  149  8:43  Supply Depot  
  87  9:15  Starport  
Tags
 
Add a new tag
Caveats
  • Supply blocks, unpowered buildings, or Contaminate may cause inaccurate times.
  • Supply counts are checked every 10 seconds.